 Dungeon Crawl Stone Soup version 0.29.1-1-gd02db6906a (webtiles) character file.

Game seed: 8401778780188554405

20 GigaChad the Covered (level 2, 0/27 HPs)
             Began as a Minotaur Fighter on Sept 29, 2022.
             Slain by Jessica
             ... wielding a +0 dagger
              (6 damage)
             ... on level 2 of the Dungeon.
             The game lasted 00:02:30 (1338 turns).

GigaChad the Covered (Minotaur Fighter)             Turns: 1338, Time: 00:02:30

Health: 0/27       AC:  0    Str: 20    XL:     2   Next: 58%
Magic:  1/1        EV: 17    Int:  5    God:
Gold:   168        SH:  0    Dex: 14    Spells: 1/1 levels left

rFire   . . .      SeeInvis .   (weapon currently unavailable)
rCold   . . .      Faith    .   (shield currently unavailable)
rNeg    . . .      Spirit   .   (body armour currently unavailable)
rPois   .          Reflect  .   (helmet currently unavailable)
rElec   .          Harm     .   (cloak currently unavailable)
rCorr   .          Rampage  .   (gloves currently unavailable)
Will    .....                   (boots currently unavailable)
Stlth   +.........              (no amulet)
HPRegen 0.09/turn               (ring currently unavailable)
MPRegen 0.07/turn               (ring currently unavailable)

@: bat-form, flying, slowed, quick
A: fast, flying, no casting, tiny, (horns 2), (retaliatory headbutt)
a: no special abilities


You were on level 2 of the Dungeon.
You were a bat.
You visited 1 branch of the dungeon, and saw 2 of its levels.

You collected 168 gold pieces.

Inventory:

Hand Weapons
 a - a +0 war axe (melded)
Armour
 b - a +0 scale mail (melded)
 c - a +0 buckler (melded)
 k - a +0 pair of gloves
Jewellery
 h - a ring of protection from fire
 i - a ring of protection from fire
 j - a ring of protection from cold
Scrolls
 g - 2 scrolls of fear {unknown}
 l - a scroll of identify {unknown}
Potions
 d - 2 potions of might
 e - a potion of mutation {unknown}
 f - 2 potions of curing {unknown}


   Skills:
 + Level 3.9 Fighting
 + Level 2.8 Axes
 + Level 4.1 Armour
 + Level 3.8 Shields


You had one spell level left.
You didn't know any spells.
Your spell library was empty.

Dungeon Overview and Level Annotations

Branches:
Dungeon (2/15)

Altars:

Annotations:
D:2 Jessica


Innate Abilities, Weirdness & Mutations

You are a bat.
You are tiny and dextrous.
You move quickly.
You are flying.
Your equipment is almost entirely melded.
You are incapable of wielding weapons or throwing items.
You cannot cast spells.
((You have a pair of horns on your head.))
((You reflexively headbutt those who attack you in melee.))


Message History

Jessica the Apprentice Sorceress comes into view.
She is wielding a +0 dagger and carrying a wand of polymorph (8).
Jessica shouts!
Jessica is nearby!
Jessica zaps a wand.
You resist with significant effort.
Found a stone staircase leading down.
Jessica gestures wildly while chanting.
Jessica blinks!
Found 7 gold pieces.
Jessica gestures wildly while chanting.
Jessica seems to speed up.
Jessica hits you with a +0 dagger.
You barely miss Jessica. Jessica hits you with a +0 dagger.
Jessica zaps a wand.
You turn into a bat.
Your +0 war axe melds into your body.
Your +0 buckler melds into your body.
Your +0 scale mail melds into your body.
Jessica looks very angry.
Jessica hits you with a +0 dagger!
You hit Jessica but do no damage. Jessica gestures at you while chanting.
Pain shoots through your body!
You hit Jessica but do no damage.
Jessica mumbles something strange.
Jessica casts a spell at you. Pain shoots through your body!
Jessica completely misses you.
You hit Jessica but do no damage. Jessica casts a spell at you.
You feel yourself slow down.
You hit Jessica.
Jessica is moderately wounded.
Jessica barely misses you.
Jessica mumbles some strange words.
Jessica blinks!
Jessica gestures at you while chanting. Pain shoots through your body!
* * * LOW HITPOINT WARNING * * *
You barely miss Jessica.
Jessica is moderately wounded.
Jessica completely misses you. Jessica misses you.
Jessica hits you with a +0 dagger.
You die...

#.....#.......#
#######.##
#.###.#.......#
#.##
#..†...##..
#.## #....#.#
## #.#
.....##.#.# #..
##### #.#.#
#### #.#.#
#.#@### #..b..#
#.....# #..>..#
.......#
###.....#
$..#### #.#.#
.#...


You could see Jessica (fast).

Vanquished Creatures
  A dart slug (D:2)
  3 endoplasms
  A goblin (D:1)
  A hobgoblin (D:1)
  2 quokkas
  2 ball pythons
  2 bats
  3 frilled lizards
  A kobold (D:2)
  3 rats
19 creatures vanquished.

Notes
Turn   | Place    | Note
-------+----------+-------------------------------------------
     0 | D:1      | GigaChad the Minotaur Fighter began the quest for the Orb.
     0 | D:1      | Reached XP level 1. HP: 19/19 MP: 0/0
   617 | D:1      | Reached XP level 2. HP: 24/27 MP: 1/1
   865 | D:2      | Reached skill level 4 in Armour
  1323 | D:2      | Noticed Jessica
  1338 | D:2      | Slain by Jessica

Illustrated notes

Levels and vault maps discovered:
D:1:      scummos_arrival_simple_fountains, layout_rooms, serial_bayou_crossing
D:2:      layout_loops_cross, minmay_misc_feat_diagonals, uniq_jessica

Skill      XL: |  1  2 |
---------------+-------+-----
Armour         | 4 |  4.1
Fighting       | |  3.9
Axes           | |  2.8
Shields        | |  3.8

Action                   || total
-------------------------++-------
Melee: War axe           ||    35
       Headbutt          ||     5
       Unarmed           ||     5
  Use: Scroll            ||     2
Armor: Scale mail        ||    19
Dodge: Dodged            ||    20
Block: Buckler           ||     8
